 Dungeon Crawl Stone Soup version 0.29-a0-813-g4a14ea37d6 (webtiles) character file.

Game seed: 14883407891713073196

576 Mesmaeker13 the Grave Robber (level 7, -4/65 HPs)
             Began as an Ogre Necromancer on July 4, 2022.
             Slain by Duvessa
             ... wielding a +0 short sword
              (16 damage)
             ... on level 4 of the Dungeon.
             The game lasted 00:10:50 (5812 turns).

Mesmaeker13 the Grave Robber (Ogre Necromancer)     Turns: 5812, Time: 00:10:51

Health: -4/65      AC:  3    Str: 13    XL:     7   Next: 35%
Magic:  14/14      EV: 10    Int: 24    God:
Gold:   172        SH:  0    Dex:  9    Spells: 8/16 levels left

rFire   . . .      SeeInvis .   t - +0 flail (venom)
rCold   . . .      Faith    .   (no shield)
rNeg    . . .      Spirit   .   a - +0 robe
rPois   .          Reflect  .   (helmet restricted)
rElec   .          Harm     .   (no cloak)
rCorr   .          Rampage  .   (gloves unavailable)
Will    .....                   (boots unavailable)
Stlth   +.........              (no amulet)
HPRegen 0.20/turn               w - +6 ring of intelligence
MPRegen 0.14/turn               (no ring)

@: no status effects
A: large, unfitting armour, tough skin 1
a: no special abilities


You were on level 4 of the Dungeon.
You visited 1 branch of the dungeon, and saw 5 of its levels.

You collected 172 gold pieces.

Inventory:

Hand Weapons
 s - a +0 trident
 t - a +0 flail of venom (weapon)
Armour
 a - a +0 robe (worn)
Magical Staves
 v - a staff of fire
Jewellery
 w - a +6 ring of intelligence (left hand)
Wands
 j - a wand of polymorph (9)
 q - a wand of roots (1)
Scrolls
 c - a scroll of enchant weapon {unknown}
 f - a scroll of magic mapping {unknown}
 g - a scroll of teleportation
 k - a scroll of immolation {unknown}
 p - 3 scrolls of enchant armour
 r - a scroll of poison
 u - a scroll of fear {unknown}
 x - a scroll of torment {unknown}
 y - a scroll of silence {unknown}
Potions
 b - a potion of magic
 d - 2 potions of curing
 e - a potion of attraction
 i - a potion of ambrosia {unknown}
 l - a potion of heal wounds {unknown}
 m - 2 potions of mutation {unknown}
 o - 2 potions of brilliance


   Skills:
 + Level 2.3 Fighting
 + Level 4.2 Dodging
 - Level 1.4 Stealth
 + Level 5.1 Spellcasting
 + Level 5.3 Necromancy


You had 8 spell levels left.
You knew the following spells:

 Your Spells              Type           Power      Damage    Failure   Level
a - Necrotise             Necr           100%       1d9       1%          1
b - Vampiric Draining     Necr           31%        2d8       3%          3
c - Animate Dead          Necr           31%        N/A       10%         4

Your spell library contained the following spells:

 Spells                   Type           Power      Damage    Failure   Level
 Sting                    Tmut/Pois      24%        1d4       9%          1
 Poisonous Vapours        Pois/Air       12%        N/A       13%         2
 Agony                    Necr           31%        N/A       26%         5
 Olgreb's Toxic Radiance  Pois           6%         N/A       65%         4


Dungeon Overview and Level Annotations

Branches:
Dungeon (5/15)
 Temple: D:4-7

Altars:

Annotations:
D:4 Duvessa


Innate Abilities, Weirdness & Mutations

You are too large for most types of armour.
You have tough skin. (AC +1)


Message History

Aiming: Necrotise (safe; 1% risk of failure)
Press: ? - help, Shift-Dir - straight line, f/p - Duvessa
Aim: Duvessa, wielding a +0 short sword and wearing a +0 scale mail (heavily wounded, berserk, fast, constricted by roots, chance to affect: 70%) Duvessa writhes in agony.
The grasping roots constrict Duvessa.
The roots release their grip on Duvessa.
Unknown command.
Aiming: Fastroot
Press: ? - help, Shift-Dir - straight line, p - Duvessa The roots erupt in riotous growth!
Roots grab Duvessa.
The grasping roots constrict Duvessa.
You hear a shout!
Duvessa barely misses you.
Duvessa hits you with a +0 short sword!!
You hear a shout!
The grasping roots constrict Duvessa!
The roots release their grip on Duvessa.
Duvessa rages.
Aiming: Fastroot
Press: ? - help, Shift-Dir - straight line The roots erupt in riotous growth!
Roots grab Duvessa.
The grasping roots constrict Duvessa.
Duvessa hits you but does no damage. Duvessa closely misses you.
Unknown command.
The grasping roots constrict Duvessa.
The roots release their grip on Duvessa.
Aiming: Fastroot
Press: ? - help, Shift-Dir - straight line The roots erupt in riotous growth!
Roots grab Duvessa.
The grasping roots constrict Duvessa.
Duvessa hits you with a +0 short sword!
* * * LOW HITPOINT WARNING * * *
Duvessa hits you with a +0 short sword.
* * * LOW HITPOINT WARNING * * *
You feel better.
The grasping roots constrict Duvessa, but do no damage.
The roots release their grip on Duvessa.
Duvessa hits you with a +0 short sword!
You die...

#....#..#.)))..#.........
#....'..#......#.........
#....#'###.....#.........
#........#######.........
#........#.....'......###
#........'.....#......'..
#........#######......#..
#...........)...†.....#..
#.......@e......).....#..
#...#########.........#..
#...# #.........#.. #...#
#.........#.. #####
#.........#..
#.........#.. .
##'#......#..
#'''###..#......#..
.(.......#......#..


You could see Duvessa (berserk, fast).

Vanquished Creatures
  A necrophage (D:5)
  A scorpion (D:5)
  Dowan (D:4)
  2 jellies (D:4)
  2 orc priests
  A hound (D:2)
  Jessica (D:2)
  An iguana (D:4)
  2 orc wizards
  2 gnolls (D:2)
  3 adders
  A shadow imp (D:4)
  An ufetubus (D:4)
  A worm (D:2)
  3 dart slugs
  13 orcs
  5 ball pythons
  4 bats
  5 endoplasms
  3 giant cockroaches
  3 goblins
  7 hobgoblins
  4 jackals (D:3)
  4 kobolds
  6 quokkas
  3 frilled lizards
  4 rats
84 creatures vanquished.

Vanquished Creatures (collateral kills)
  An endoplasm (D:1)
  2 kobolds (D:1)
3 creatures vanquished.

Grand Total: 87 creatures vanquished

Notes
Turn   | Place    | Note
-------+----------+-------------------------------------------
     0 | D:1      | Mesmaeker13 the Ogre Necromancer began the quest for the
                  | Orb.
     0 | D:1      | Reached XP level 1. HP: 16/16 MP: 3/3
     2 | D:1      | Found a faded altar of an unknown god.
   320 | D:1      | Reached XP level 2. HP: 24/24 MP: 1/5
   814 | D:1      | Reached XP level 3. HP: 22/31 MP: 2/7
  1044 | D:2      | Learned a level 3 spell: Vampiric Draining
  1062 | D:2      | Noticed Jessica
  1067 | D:2      | Killed Jessica
  1131 | D:2      | Reached XP level 4. HP: 39/39 MP: 2/9
  1828 | D:2      | Reached XP level 5. HP: 30/45 MP: 4/10
  3821 | D:4      | Noticed a phantom
  3901 | D:5      | Entered Level 5 of the Dungeon
  4294 | D:4      | Reached XP level 6. HP: 52/53 MP: 6/12
  4794 | D:4      | Reached skill level 5 in Necromancy
  5237 | D:5      | Learned a level 4 spell: Animate Dead
  5285 | D:5      | Reached skill level 1 in Fighting
  5285 | D:5      | Reached XP level 7. HP: 18/58 MP: 11/14
  5538 | D:5      | Reached skill level 5 in Spellcasting
  5780 | D:4      | Noticed Dowan
  5784 | D:4      | Noticed Duvessa
  5800 | D:4      | Killed Dowan
  5812 | D:4      | Slain by Duvessa

Illustrated notes

Levels and vault maps discovered:
D:1:      lightli_arrival_chessboard, layout_rooms,
          ebering_ecumenical_altar_mist
D:2:      layout_loops_corners, uniq_jessica
D:3:      layout_basic
D:4:      layout_gridville, mainiacjoe_overflow_alcove_4, uniq_duvessa,
          uniq_menkaure
D:5:      layout_basic, minmay_temple_entry_mini_moons, saegor_snake_ambush

Skill      XL: |  1  2  3  4  5  6  7 |
---------------+----------------------+-----
Dodging        | 2 3 4 |  4.2
Spellcasting   | 3 4 5 |  5.1
Necromancy     | 4 5 |  5.3
Fighting       | 1 2 |  2.3
Stealth        | |  1.4

Action                   |  1- 3 |  4- 6 |  7- 9 || total
-------------------------+-------+-------+-------++-------
Melee: Short sword       |    29 |     3 |       ||    32
       Unarmed           |     7 |       |       ||     7
       Flail             |       |    35 |     1 ||    36
Throw: Dart              |       |    10 |     2 ||    12
 Cast: Necrotise         |    40 |   116 |    11 ||   167
       Animate Dead      |       |     1 |       ||     1
Evoke: Wand              |       |     3 |     7 ||    10
  Use: Scroll            |     3 |     5 |     1 ||     9
       Potion            |       |     1 |     2 ||     3
 Stab: Sleeping          |     1 |       |       ||     1
Armor: Robe              |    16 |    20 |     2 ||    38
Dodge: Dodged            |    28 |    27 |     9 ||    64

Table legend: (Time is in decaauts)
 A = Elapsed time spent in this place.
 B = Non-inter-level travel time spent in this place.
 C = Inter-level travel time spent in this place.
 D = Time resting spent in this place.
 E = Time spent auto-exploring this place.
 F = Levels seen in this place.
 G = Mean time per level.
                   A        B        C        D        E       F      G
               +--------+--------+--------+--------+--------+-----+--------+
         Total |   5838 |   5506 |    332 |   1570 |   2951 |   5 | 1167.6 |
       Dungeon |   5838 |   5506 |    332 |   1570 |   2951 |   5 | 1167.6 |
               +--------+--------+--------+--------+--------+-----+--------+

Top non-repeatable levels by time:
     D:2: 1597 daAuts
     D:4: 1471 daAuts
     D:1: 1284 daAuts
     D:3: 978 daAuts
     D:5: 506 daAuts
